AoeStats
← Breyder25

Black Forest

510032332Analyzed
3v3 RM · 2d ago on Sep 29, 2026· 61m 37s· 6 players
Game mode
Random Map
Map size
Normal (6 player)
Population
200
Speed
Normal
Resources
Standard
Victory
Conquest
Starting age
Dark Age
Ending age
Imperial Age
RankedLock teamsTeams togetherTeam positionsShared explorationLock speedFull tech treeHidden civsTurbo modeCheats
Victory
Defeat
🇪🇨 Chinese · Ecuador
812
+14
🇦🇷 Britons · Argentina
772
+16
🇯🇴 Lithuanians · Jordan
655
+20
🇵🇪 Inca · Peru
795
-18
🇦🇷 Bohemians · Argentina
758
-17
728
-15
Breyder25
0:29 Loom
15:25 Feudal Age
20:44 Double-Bit Axe
22:19 Horse Collar
25:25 Gold Mining
25:30 Stone Mining
28:05 Castle Age
26:18 Scale Barding Armor
26:04 Fletching
27:05 Padded Archer Armor
29:34 Heavy Plow
31:17 Chain Barding Armor
32:21 Wheelbarrow
32:00 Forging
35:13 Hand Cart
34:55 Town Watch
35:41 Bow Saw
36:26 Stone Shaft Mining
35:55 Elite Skirmisher
36:40 Town Patrol
40:22 Imperial Age
38:35 Bloodlines
39:08 Iron Casting
38:28 Bodkin Arrow
40:11 Leather Archer Armor
40:19 Caravan
40:49 Husbandry
42:20 Scale Mail Armor
42:44 Conscription
41:48 Pikeman
42:32 Squires
42:51 Halberdier
44:34 Bracer
45:28 Ring Archer Armor
44:26 Capped Ram
46:01 Chain Mail Armor
49:37 Two-Man Saw
52:00 Siege Ram
53:48 Plate Barding Armor
54:14 Blast Furnace
53:10 Light Cavalry
53:39 Heavy Rocket Cart
55:43 Rocketry
59:18 Ballistics
General
0:28 Loom
12:52 Feudal Age
17:29 Man-at-Arms
29:04 Gold Mining
29:33 Forging
29:42 Scale Mail Armor
34:38 Castle Age
37:29 Wheelbarrow
39:29 Pikeman
42:32 Long Swordsman
50:20 Double-Bit Axe
50:08 Crossbowman
52:00 Husbandry
52:43 Fletching
53:30 Iron Casting
54:19 Caravan
55:07 Horse Collar
54:58 Elite Skirmisher
56:47 Gold Shaft Mining
59:21 Imperial Age
58:56 Stone Mining
59:40 Gambesons
61:32 Chemistry
60:53 Ballistics
61:15 Sanctity
61:05 Cavalier
Shehadeh almaqdesy
1:29 Loom
17:42 Feudal Age
19:10 Wheelbarrow
18:58 Fishing Lines
19:35 Double-Bit Axe
20:54 Horse Collar
21:31 Gold Mining
21:31 Stone Mining
26:04 Castle Age
27:44 Hand Cart
28:37 Fervor
29:08 Caravan
32:31 Bow Saw
36:21 Imperial Age
33:55 Heavy Plow
34:11 Forging
34:06 Scale Barding Armor
34:07 Gillnets
34:55 Stone Shaft Mining
37:28 Iron Casting
37:13 Chain Barding Armor
37:06 Elite Leitis
38:24 Conscription
39:20 Town Watch
40:43 Two-Man Saw
40:14 Crop Rotation
41:55 Plate Barding Armor
41:51 Bloodlines
42:15 Husbandry
41:49 Cavalier
44:53 Paladin
47:08 Light Cavalry
48:55 Chemistry
47:37 Treadmill Crane
47:53 Murder Holes
48:09 Winged Hussar
59:28 Hoardings
M. M. Hombre Metrico Decimal
12:00 Feudal Age
12:38 Stone Mining
12:52 Double-Bit Axe
21:03 Castle Age
19:52 Horse Collar
20:04 Gold Mining
23:57 Heavy Plow
24:13 Bow Saw
28:22 Caravan
32:35 Imperial Age
31:55 Wheelbarrow
31:06 Town Watch
31:07 Loom
32:05 Husbandry
32:16 Bloodlines
32:09 Fletching
34:27 Chemistry
33:36 Cavalier
34:45 Bodkin Arrow
36:30 Fortified Wall
36:22 Town Patrol
37:31 Fervor
38:03 Conscription
38:22 Bracer
39:27 Sanctity
39:29 Block Printing
39:29 Scale Barding Armor
40:37 Inquisition
41:17 Illumination
41:13 Elite Conquistador
42:00 Padded Archer Armor
44:18 Paladin
48:15 Guilds
49:19 Hand Cart
jonathan_penia
0:32 Loom
14:22 Feudal Age
14:40 Champi Runner
17:54 Forging
17:46 Scale Mail Armor
28:55 Castle Age
31:32 Double-Bit Axe
37:06 Caravan
38:17 Horse Collar
42:12 Iron Casting
42:52 Wheelbarrow
44:52 Chain Mail Armor
45:33 Bow Saw
45:35 Heavy Plow
45:52 Gold Mining
51:33 Imperial Age
51:57 Hand Cart
51:27 Town Watch
54:18 Elite Kamayuk
54:32 Champi Warrior
56:41 Crop Rotation
56:02 Stone Mining
56:23 Town Patrol
57:17 Hoardings
56:44 Andean Sling
56:46 Fabric Shields
56:06 Elite Kamayuk
57:50 Blast Furnace
57:21 Plate Mail Armor
57:57 Elite Champi Warrior
60:38 Fletching
60:49 Padded Archer Armor
61:28 Gold Shaft Mining
61:29 Murder Holes
61:55 Ballistics
62:35 Chemistry
ALDY
1:13 Loom
12:59 Feudal Age
13:25 Horse Collar
13:34 Double-Bit Axe
23:16 Castle Age
21:37 Padded Archer Armor
21:28 Fletching
23:43 Scale Mail Armor
23:54 Forging
24:29 Heavy Plow
24:47 Bow Saw
25:12 Caravan
25:15 Pikeman
25:55 Squires
29:52 Fervor
30:05 Sanctity
33:06 Wheelbarrow
34:31 Hand Cart
38:16 Imperial Age
38:18 Chemistry
37:46 Fortified Wall
38:05 Town Watch
38:55 Leather Archer Armor
38:38 Bodkin Arrow
38:58 Chain Mail Armor
39:35 Ballistics
38:42 Elite Hussite Wagon
40:21 Siege Engineers
40:41 Conscription
40:28 Wagenburg Tactics
42:05 Crossbowman
43:42 Arbalester
47:16 Two-Man Saw
49:07 Ring Archer Armor
48:38 Bracer
49:08 Plate Mail Armor
49:14 Iron Casting
48:32 Houfnice
57:15 Murder Holes
Connection lost

Rejoining the realm…

Still unreachable

The connection could not be restored.

Session expired

The server has moved on; the page needs a fresh start.